Tigers to the rescue!

Match 19333738
End
Royal Engineer Section
Construct Section Command Post
Infantry Section
Infantry Section
Infantry Section
Infantry Training
Construct Platoon Command Post
ML 3-inch Mortar Team
Selects Indian Artillery Battlegroup
Selects Valour
Selects Gurkha Rifles Section
6-pounder Anti-tank Gun Team
Gurkha Rifles Section
Construct Company Command Post
Matilda II Heavy Tank
Matilda II Heavy Tank
Selects Pillage
Selects Artillery Saturation
Selects Off-map Airburst Barrage
Off-map Airburst Barrage
CMP 15cwt Truck
Off-map Airburst Barrage
6-pounder Anti-tank Gun Team
Selects BL5.5 Artillery Emplacement
Off-map Airburst Barrage
Off-map Airburst Barrage
Matilda II Heavy Tank
Foot Guards Section
Armored Vehicle Training
Off-map Airburst Barrage
DanielD
Twister
Ghost
Evelynn
0
0

Comments sign in to comment!

No comments posted yet!